cohdb
Replays
Latest Replays
All Replays
Popular Replays
Top Player Replays
Match Explorer
How It Works
Community
CoH3 Stats
Reddit
Sign in to upload your games and track your stats! →
Sign in with Steam
Match 44138790
Unlisted
Match 44138790
Overview
Messages
Build Orders
End
Kradschützen Motorcycle Team
Selects Italian Infantry
Panzergrenadier Squad
Panzergrenadier Squad
Construct Light Support Kompanie
Selects Defensive Operations
Panzergrenadier Squad
Fire Support Elements
Flakvierling Half-track
Panzerjäger Mechanized Group
Veteran Squad Leaders
Pak 38 Anti-tank Gun Team
Construct Panzerarmee Kommand
Panzer III L Medium Tank
Selects Prepared Positions
Panzer III L Medium Tank
2.5-tonne Medical Truck
Tungsten Core Ammunition
Rapid Advance
Pak 38 Anti-tank Gun Team
Selects Guastatori Squad
Selects Registered Artillery
Selects Towed Cannone da 105/28 Field Howitzer
Emergency Repair Kits
Walking Stuka Rocket Launcher
Selects Obice 305mm Barrage
woof_raff
Lord Tupalem of Campers
Sappi †
Mephswall
0
0
Comments
sign in to comment!
No comments posted yet!